General information
- name: BNet
- type: Ladder team game (AT/RT)
- host: Battle.net
- saver: darkwasp
map: FullScaleAssault
- players: 8
- length: 75:05
- speed: Fast
- version: 1.26 W3XP
- replay type: Public
» download(482 KB)
Players
team 1 (winner)
darkwasp (
orange | 128 APM | 9632 actions | 75:05)
8 Blademaster
3 Wind Walk
3 Critical Strike
1 Bladestorm
1 Mirror Image
8 Tauren Chieftain
3 War Stomp
3 Endurance Aura
1 Reincarnation
1 Shockwave
5 Pit Lord
3 Howl of Terror
2 Cleaving Attack
» actions
| Assign group hotkey | 2365 | |
| Basic commands | 61 | |
| Build / train | 166 | |
| Enter build submenu | 51 | |
| Enter hero's abilities submenu | 22 | |
| Give item / drop item | 14 | |
| Remove unit from queue | 3 | |
| Right click | 4330 | |
| Select / deselect | 1043 | |
| Select group hotkey | 848 | |
| Use ability | 729 | |
9632 total
» units
| Peon | 18 | |
| Grunt | 3 | |
| Wind Rider | 6 | |
| Raider | 7 | |
| Goblin Zeppelin | 4 | |
| Giant Sea Turtle | 1 | |
| Troll Batrider | 17 | |
| Blue Dragon | 2 | |
| Demolisher | 1 | |
59 total
» upgrades
| Ensnare | 1 | |
| Ranged Weapons | 3 | |
| Armor | 3 | |
| Reinforced Defenses | 1 | |
| Shaman Training | 2 | |
| Liquid Fire | 1 | |
| Envenomed Spears | 1 | |
| Pillage | 1 | |
| Melee Weapons | 2 | |
| Spiked Barricades | 2 | |
17 total
» buildings
| Altar of Storms | 2 | |
| Orc Burrow | 20 | |
| Barracks | 2 | |
| Voodoo Lounge | 3 | |
| Stronghold | 4 | |
| War Mill | 2 | |
| Beastiary | 3 | |
| Watch Tower | 30 | |
| Great Hall | 7 | |
| Fortress | 3 | |
| Spirit Lodge | 1 | |
77 total
» build order
00:07 Altar of Storms
00:12 Orc Burrow
00:35 Barracks
01:47 Orc Burrow
02:04 Voodoo Lounge
03:00 Stronghold
04:10 War Mill
04:12 Orc Burrow
04:38 Orc Burrow
05:29 Beastiary
05:30 Beastiary
10:02 Watch Tower
12:06 Great Hall
12:11 Fortress
12:14 Orc Burrow
12:14 Orc Burrow
15:44 Orc Burrow
15:44 Orc Burrow
15:46 Orc Burrow
15:47 Orc Burrow
16:19 Great Hall
16:35 Spirit Lodge
20:59 Watch Tower
25:01 Orc Burrow
25:01 Orc Burrow
25:02 Orc Burrow
25:22 Watch Tower
25:23 Watch Tower
25:23 Watch Tower
27:53 Watch Tower
27:56 Watch Tower
30:02 Watch Tower
30:02 Watch Tower
34:58 Watch Tower
34:59 Watch Tower
35:03 Voodoo Lounge
37:15 Great Hall
37:17 Watch Tower
37:17 Watch Tower
37:17 Watch Tower
39:30 Altar of Storms
39:32 Orc Burrow
41:29 Voodoo Lounge
41:36 Orc Burrow
41:38 War Mill
42:50 Stronghold
42:50 Stronghold
43:33 Watch Tower
43:35 Watch Tower
43:35 Watch Tower
43:35 Watch Tower
43:37 Watch Tower
46:26 Watch Tower
46:30 Watch Tower
46:30 Watch Tower
46:31 Watch Tower
46:46 Beastiary
47:41 Orc Burrow
48:41 Watch Tower
49:18 Fortress
51:02 Watch Tower
51:02 Watch Tower
53:08 Watch Tower
53:24 Barracks
55:22 Watch Tower
55:56 Orc Burrow
58:11 Great Hall
61:41 Great Hall
65:39 Great Hall
65:49 Orc Burrow
67:07 Orc Burrow
71:08 Great Hall
» items
| Healing Salve | 5 | |
| Lesser Clarity Potion | 5 | |
| Scroll of Speed | 3 | |
| Scroll of Town Portal | 7 | |
| Orb of Lightning | 3 | |
| Potion of Healing | 1 | |
| Potion of Mana | 2 | |
| Scroll of Healing | 2 | |
| Potion of Lesser Invulnerability | 5 | |
| Circlet of Nobility | 2 | |
| Boots of Speed | 1 | |
| Potion of Invisibility | 2 | |
| Dust of Appearance | 2 | |
| Tome of Retraining | 1 | |
| Staff of Teleportation | 3 | |
44 total
Lane06 (
teal | 51 APM | 2141 actions | 42:17)
5 Death Knight
3 Death Coil
2 Unholy Aura
4 Crypt Lord
1 Carrion Beetles
2 Spiked Carapace
1 Impale
» actions
| Assign group hotkey | 9 | |
| Basic commands | 17 | |
| Build / train | 104 | |
| ESC pressed | 6 | |
| Enter build submenu | 26 | |
| Enter hero's abilities submenu | 9 | |
| Give item / drop item | 1 | |
| Remove unit from queue | 2 | |
| Right click | 1167 | |
| Select / deselect | 593 | |
| Select group hotkey | 48 | |
| Use ability | 159 | |
2141 total
» units
| Acolyte | 28 | |
| Ghoul | 5 | |
| Crypt Fiend | 19 | |
| Obsidian Statue | 3 | |
| Abomination | 1 | |
| Necromancer | 7 | |
| Meatwagon | 1 | |
64 total
» upgrades
| Creature Carapace | 3 | |
| Web | 1 | |
| Creature Attack | 3 | |
| Necromancer Training | 2 | |
| Skeletal Mastery | 1 | |
| Unholy Armor | 1 | |
| Unholy Strength | 2 | |
13 total
» buildings
| Graveyard | 1 | |
| Crypt | 2 | |
| Altar of Darkness | 1 | |
| Ziggurat | 10 | |
| Tomb of Relics | 1 | |
| Halls of the Dead | 1 | |
| Necropolis | 2 | |
| Black Citadel | 1 | |
| Slaughterhouse | 1 | |
| Spirit Tower | 3 | |
| Sacrificial Pit | 1 | |
| Temple of the Damned | 2 | |
26 total
» build order
00:13 Graveyard
00:23 Crypt
00:45 Altar of Darkness
01:01 Ziggurat
01:32 Crypt
01:49 Ziggurat
02:18 Tomb of Relics
05:03 Halls of the Dead
05:12 Necropolis
05:47 Ziggurat
05:51 Ziggurat
09:12 Black Citadel
09:16 Slaughterhouse
10:17 Ziggurat
10:18 Ziggurat
11:10 Spirit Tower
12:22 Sacrificial Pit
12:50 Spirit Tower
14:03 Ziggurat
14:04 Ziggurat
14:07 Ziggurat
14:09 Ziggurat
20:26 Temple of the Damned
20:28 Temple of the Damned
24:27 Necropolis
24:32 Spirit Tower
» items
| Rod of Necromancy | 2 | |
| Scroll of Town Portal | 5 | |
| Potion of Healing | 1 | |
| Periapt of Vitality | 1 | |
9 total

»
Dark-Spirit (
red | 93 APM | 3953 actions | 42:19)
5 Pandaren Brewmaster
3 Breath of Fire
2 Drunken Haze
4 Priestess of the Moon
2 Trueshot Aura
2 Scout
» actions
| Assign group hotkey | 36 | |
| Basic commands | 165 | |
| Build / train | 139 | |
| Enter build submenu | 44 | |
| Enter hero's abilities submenu | 9 | |
| Give item / drop item | 6 | |
| Right click | 1244 | |
| Select / deselect | 1139 | |
| Select group hotkey | 1029 | |
| Use ability | 140 | |
3953 total
» units
| Wisp | 69 | |
| Archer | 5 | |
| Goblin Shredder | 2 | |
| Chimaera | 9 | |
| Hippogryph | 11 | |
96 total
» upgrades
| Reinforced Hides | 3 | |
| Well Spring | 1 | |
| Nature's Blessing | 1 | |
| Corrosive Breath | 1 | |
| Strength of the Wild | 3 | |
9 total
» buildings
| Moon Well | 9 | |
| Ancient of War | 1 | |
| Altar of Elders | 2 | |
| Tree of Ages | 2 | |
| Tree of Life | 11 | |
| Hunter's Hall | 2 | |
| Ancient of Wonders | 1 | |
| Ancient Protector | 9 | |
| Tree of Eternity | 1 | |
| Ancient of Wind | 1 | |
| Chimaera Roost | 2 | |
41 total
» build order
00:19 Moon Well
00:41 Ancient of War
01:06 Moon Well
01:21 Altar of Elders
02:12 Moon Well
04:16 Tree of Ages
04:37 Tree of Life
05:22 Tree of Life
05:55 Hunter's Hall
05:59 Ancient of Wonders
07:02 Ancient Protector
07:08 Ancient Protector
07:10 Ancient Protector
07:39 Tree of Eternity
08:09 Ancient Protector
10:30 Ancient of Wind
11:12 Moon Well
11:30 Ancient Protector
11:33 Ancient Protector
12:08 Chimaera Roost
12:10 Chimaera Roost
14:29 Moon Well
14:30 Moon Well
19:09 Ancient Protector
19:14 Ancient Protector
19:19 Ancient Protector
25:23 Tree of Life
26:00 Tree of Life
26:30 Tree of Life
32:13 Tree of Life
33:09 Tree of Life
33:35 Moon Well
37:15 Altar of Elders
37:16 Moon Well
38:00 Tree of Life
39:01 Tree of Ages
39:52 Tree of Life
40:00 Tree of Life
40:01 Hunter's Hall
40:02 Moon Well
40:07 Tree of Life
» items
| Lesser Clarity Potion | 3 | |
| Orb of Venom | 2 | |
| Potion of Mana | 1 | |
| Scroll of Town Portal | 3 | |
| Potion of Healing | 3 | |
| Anti-magic Potion | 4 | |
16 total

»
Elvorion (
pink | 43 APM | 1488 actions | 34:39)
5 Mountain King
2 Thunder Clap
3 Storm Bolt
4 Paladin
2 Holy Light
2 Divine Shield
» actions
| Assign group hotkey | 18 | |
| Build / train | 79 | |
| Enter build submenu | 20 | |
| Enter hero's abilities submenu | 9 | |
| Give item / drop item | 1 | |
| Right click | 672 | |
| Select / deselect | 238 | |
| Select group hotkey | 349 | |
| Use ability | 102 | |
1488 total
» units
| Peasant | 21 | |
| Goblin Shredder | 3 | |
| Knight | 11 | |
| Sorceress | 2 | |
| Priest | 4 | |
| Spell Breaker | 4 | |
45 total
» upgrades
| Masonry | 3 | |
| Lumber Harvesting | 1 | |
| Sorceress Training | 2 | |
| Priest Training | 2 | |
| Swords | 3 | |
| Plating | 2 | |
| Animal War Training | 1 | |
14 total
» buildings
| Farm | 13 | |
| Altar of Kings | 1 | |
| Arcane Vault | 2 | |
| Lumber Mill | 2 | |
| Town Hall | 2 | |
| Scout Tower | 8 | |
| Keep | 1 | |
| Arcane Tower | 2 | |
| Guard Tower | 2 | |
| Castle | 1 | |
| Blacksmith | 1 | |
| Barracks | 2 | |
| Workshop | 2 | |
| Arcane Sanctum | 2 | |
41 total
» build order
00:23 Farm
00:48 Altar of Kings
00:56 Farm
01:02 Arcane Vault
01:10 Lumber Mill
01:16 Lumber Mill
02:44 Farm
03:24 Farm
04:18 Town Hall
04:22 Scout Tower
04:24 Scout Tower
04:25 Scout Tower
04:27 Scout Tower
04:37 Keep
05:12 Arcane Tower
05:18 Guard Tower
06:29 Scout Tower
06:30 Scout Tower
06:30 Scout Tower
06:32 Scout Tower
06:41 Farm
06:42 Farm
06:44 Farm
06:46 Farm
06:49 Farm
06:50 Farm
07:00 Castle
07:03 Guard Tower
07:13 Blacksmith
07:26 Arcane Tower
08:04 Barracks
08:06 Barracks
08:32 Workshop
08:39 Arcane Sanctum
08:40 Arcane Sanctum
14:47 Farm
14:48 Farm
23:56 Town Hall
25:40 Arcane Vault
» items
| Lesser Clarity Potion | 1 | |
| Scroll of Town Portal | 2 | |
3 total
team 2 (loser)

»
TraVeLPharMacY- (
blue | 53 APM | 3333 actions | 62:45)
7 Priestess of the Moon
3 Searing Arrows
3 Trueshot Aura
1 Starfall
6 Keeper of the Grove
3 Entangling Roots
2 Thorns Aura
1 Tranquility
» actions
| Assign group hotkey | 73 | |
| Basic commands | 285 | |
| Build / train | 120 | |
| Enter build submenu | 30 | |
| Enter hero's abilities submenu | 13 | |
| Give item / drop item | 4 | |
| Remove unit from queue | 2 | |
| Right click | 1448 | |
| Select / deselect | 412 | |
| Select group hotkey | 818 | |
| Use ability | 128 | |
3333 total
» units
| Wisp | 24 | |
| Huntress | 6 | |
| Druid of the Claw | 7 | |
| Dryad | 17 | |
| Hippogryph | 13 | |
| Chimaera | 8 | |
75 total
» upgrades
| Druid of the Claw Training | 2 | |
| Well Spring | 1 | |
| Abolish Magic | 1 | |
| Strength of the Wild | 3 | |
| Mark of the Claw | 1 | |
| Reinforced Hides | 2 | |
| Nature's Blessing | 1 | |
| Upgrade Moon Glaive | 1 | |
| Corrosive Breath | 1 | |
13 total
» buildings
| Altar of Elders | 1 | |
| Moon Well | 9 | |
| Hunter's Hall | 1 | |
| Ancient of War | 2 | |
| Tree of Ages | 1 | |
| Ancient of Wonders | 1 | |
| Ancient of Lore | 2 | |
| Tree of Life | 5 | |
| Tree of Eternity | 4 | |
| Ancient of Wind | 1 | |
| Ancient Protector | 6 | |
| Chimaera Roost | 2 | |
35 total
» build order
00:10 Altar of Elders
00:22 Moon Well
01:43 Hunter's Hall
01:48 Ancient of War
02:05 Ancient of War
02:21 Moon Well
04:06 Tree of Ages
04:10 Ancient of Wonders
04:12 Moon Well
04:12 Moon Well
04:12 Moon Well
07:00 Ancient of Lore
07:01 Ancient of Lore
07:30 Tree of Life
11:06 Tree of Eternity
11:06 Tree of Eternity
11:06 Tree of Eternity
14:05 Moon Well
14:07 Moon Well
15:23 Ancient of Wind
16:40 Moon Well
16:40 Moon Well
27:03 Ancient Protector
27:04 Ancient Protector
31:52 Tree of Life
32:53 Ancient Protector
32:55 Ancient Protector
34:25 Tree of Life
34:37 Tree of Life
42:54 Ancient Protector
42:56 Ancient Protector
43:15 Tree of Life
43:43 Chimaera Roost
43:51 Chimaera Roost
» items
| Scroll of Town Portal | 7 | |
| Orb of Venom | 1 | |
8 total
asdfjk19 (
green | 74 APM | 5397 actions | 73:09)
9 Death Knight
3 Death Coil
3 Unholy Aura
1 Animate Dead
2 Death Pact
8 Lich
3 Frost Nova
3 Frost Armor
1 Death and Decay
1 Dark Ritual
» actions
| Assign group hotkey | 71 | |
| Basic commands | 331 | |
| Build / train | 161 | |
| ESC pressed | 15 | |
| Enter build submenu | 45 | |
| Enter hero's abilities submenu | 17 | |
| Give item / drop item | 16 | |
| Remove unit from queue | 1 | |
| Right click | 1722 | |
| Select / deselect | 786 | |
| Select group hotkey | 1942 | |
| Use ability | 290 | |
5397 total
» units
| Acolyte | 17 | |
| Ghoul | 4 | |
| Crypt Fiend | 19 | |
| Obsidian Statue | 8 | |
| Banshee | 23 | |
| Goblin Sapper | 1 | |
| Goblin Zeppelin | 3 | |
| Wisp | 9 | |
| Chimaera | 1 | |
85 total
» upgrades
| Creature Attack | 3 | |
| Creature Carapace | 4 | |
| Web | 1 | |
| Banshee Training | 2 | |
| Destroyer Form | 1 | |
11 total
» buildings
| Crypt | 2 | |
| Altar of Darkness | 1 | |
| Ziggurat | 26 | |
| Graveyard | 1 | |
| Tomb of Relics | 2 | |
| Necropolis | 3 | |
| Spirit Tower | 8 | |
| Nerubian Tower | 3 | |
| Halls of the Dead | 1 | |
| Black Citadel | 1 | |
| Slaughterhouse | 1 | |
| Temple of the Damned | 1 | |
50 total
» build order
00:51 Crypt
00:53 Altar of Darkness
00:56 Ziggurat
01:03 Graveyard
01:32 Tomb of Relics
01:34 Ziggurat
04:38 Necropolis
05:41 Ziggurat
05:41 Ziggurat
06:36 Spirit Tower
06:37 Nerubian Tower
06:40 Halls of the Dead
08:18 Ziggurat
08:19 Ziggurat
08:30 Ziggurat
08:31 Tomb of Relics
09:21 Spirit Tower
09:37 Spirit Tower
10:42 Black Citadel
10:44 Slaughterhouse
10:45 Temple of the Damned
12:20 Crypt
16:47 Spirit Tower
22:34 Ziggurat
22:34 Ziggurat
29:48 Ziggurat
30:12 Necropolis
30:33 Ziggurat
30:40 Ziggurat
30:40 Ziggurat
30:41 Ziggurat
30:41 Ziggurat
30:41 Ziggurat
30:46 Ziggurat
30:46 Ziggurat
32:18 Spirit Tower
32:19 Ziggurat
32:19 Ziggurat
32:21 Nerubian Tower
40:52 Ziggurat
40:53 Ziggurat
53:12 Spirit Tower
53:15 Spirit Tower
53:28 Ziggurat
53:29 Necropolis
53:30 Ziggurat
54:43 Spirit Tower
54:44 Ziggurat
54:44 Ziggurat
59:49 Nerubian Tower
» items
| Rod of Necromancy | 1 | |
| Sacrificial Skull | 2 | |
| Circlet of Nobility | 1 | |
| Dust of Appearance | 1 | |
| Scroll of Town Portal | 8 | |
| Potion of Healing | 9 | |
| Potion of Mana | 2 | |
| Orb of Corruption | 1 | |
| Scroll of Healing | 5 | |
| Potion of Lesser Invulnerability | 1 | |
31 total

»
wheresthebag. (
yellow | 63 APM | 4759 actions | 75:02)
8 Keeper of the Grove
3 Entangling Roots
3 Thorns Aura
1 Tranquility
1 Force of Nature
6 Priestess of the Moon
3 Trueshot Aura
2 Searing Arrows
1 Starfall
» actions
| Assign group hotkey | 33 | |
| Basic commands | 4 | |
| Build / train | 109 | |
| Enter build submenu | 23 | |
| Enter hero's abilities submenu | 14 | |
| Give item / drop item | 2 | |
| Right click | 2209 | |
| Select / deselect | 611 | |
| Select group hotkey | 1587 | |
| Use ability | 167 | |
4759 total
» units
| Wisp | 27 | |
| Archer | 13 | |
| Druid of the Talon | 5 | |
| Dryad | 9 | |
| Dragonhawk Rider | 2 | |
| Goblin Zeppelin | 1 | |
57 total
» upgrades
| Improved Bows | 1 | |
| Strength of the Moon | 2 | |
| Moon Armor | 3 | |
| Strength of the Wild | 3 | |
| Abolish Magic | 1 | |
| Druid of the Talon Training | 2 | |
| Reinforced Hides | 3 | |
| Marksmanship | 1 | |
16 total
» buildings
| Altar of Elders | 2 | |
| Moon Well | 9 | |
| Ancient of War | 1 | |
| Tree of Ages | 1 | |
| Tree of Life | 2 | |
| Hunter's Hall | 1 | |
| Ancient of Wind | 1 | |
| Ancient of Lore | 1 | |
| Tree of Eternity | 1 | |
| Chimaera Roost | 2 | |
21 total
» build order
00:08 Altar of Elders
00:20 Moon Well
00:34 Ancient of War
01:32 Moon Well
02:34 Moon Well
02:41 Moon Well
03:31 Tree of Ages
04:57 Tree of Life
05:11 Moon Well
05:40 Hunter's Hall
06:04 Ancient of Wind
06:58 Ancient of Lore
08:28 Moon Well
09:28 Tree of Eternity
12:10 Chimaera Roost
12:13 Chimaera Roost
13:08 Moon Well
27:05 Tree of Life
33:48 Altar of Elders
33:51 Moon Well
35:10 Moon Well
» items
| Scroll of Protection | 3 | |
| Scroll of Healing | 5 | |
| Scroll of Town Portal | 7 | |
| Potion of Lesser Invulnerability | 1 | |
| Orb of Corruption | 1 | |
| Potion of Healing | 1 | |
18 total

»
Awperator (
purple | 49 APM | 1522 actions | 31:03)
6 Mountain King
3 Storm Bolt
2 Bash
1 Avatar
4 Blood Mage
1 Banish
2 Siphon Mana
1 Flame Strike
» actions
| Assign group hotkey | 6 | |
| Basic commands | 298 | |
| Build / train | 116 | |
| ESC pressed | 2 | |
| Enter build submenu | 30 | |
| Enter hero's abilities submenu | 10 | |
| Give item / drop item | 3 | |
| Remove unit from queue | 5 | |
| Right click | 391 | |
| Select / deselect | 446 | |
| Select group hotkey | 102 | |
| Use ability | 113 | |
1522 total
» units
| Peasant | 15 | |
| Footman | 5 | |
| Goblin Shredder | 2 | |
| Dragonhawk Rider | 28 | |
| Gryphon Rider | 24 | |
74 total
» upgrades
| Defend | 1 | |
| Masonry | 2 | |
| Animal War Training | 1 | |
| Storm Hammers | 1 | |
| Swords | 2 | |
| Armor | 4 | |
| Cloud | 1 | |
12 total
» buildings
| Barracks | 1 | |
| Farm | 10 | |
| Altar of Kings | 1 | |
| Lumber Mill | 1 | |
| Keep | 1 | |
| Town Hall | 4 | |
| Blacksmith | 1 | |
| Scout Tower | 8 | |
| Guard Tower | 7 | |
| Castle | 1 | |
| Arcane Vault | 2 | |
| Gryphon Aviary | 3 | |
40 total
» build order
00:20 Barracks
00:24 Farm
00:28 Farm
00:34 Altar of Kings
00:42 Lumber Mill
01:11 Farm
01:59 Farm
03:51 Keep
04:37 Farm
04:44 Town Hall
04:48 Blacksmith
04:50 Scout Tower
04:51 Scout Tower
05:24 Guard Tower
05:36 Guard Tower
06:14 Castle
06:36 Farm
06:39 Arcane Vault
06:43 Arcane Vault
06:46 Gryphon Aviary
07:35 Gryphon Aviary
08:22 Gryphon Aviary
08:50 Farm
08:50 Farm
08:54 Scout Tower
08:54 Scout Tower
08:55 Scout Tower
08:55 Scout Tower
09:48 Guard Tower
10:03 Guard Tower
11:04 Guard Tower
16:30 Scout Tower
16:31 Scout Tower
16:56 Guard Tower
19:12 Guard Tower
19:40 Town Hall
19:47 Farm
20:45 Farm
26:42 Town Hall
30:10 Town Hall
» items
Chat log
(06:22 / Allies) Elvorion: guys make towers if you want to fe
(10:05 / Allies) Lane06: aid oj
(10:30 / Allies) darkwasp: sec
(10:30 / Allies) darkwasp: can
(10:55 / Allies) Lane06: omw to yuou oj
(12:42 / Allies) Lane06: tons of air inc
(13:07 / Allies) darkwasp: lets clear red
(13:30 / Allies) Dark-Spirit: get bats
(13:31 / Allies) Dark-Spirit: orange
(13:34 / Allies) darkwasp: am
(13:35 / Allies) darkwasp: ont
(13:35 / Allies) Dark-Spirit: they ahve mass air
(13:50 / Allies) Dark-Spirit: and pink morts plz
(14:33 / Allies) Lane06: tp
(15:37 / Allies) darkwasp: blue
(15:38 / Allies) Lane06: blue inc
(16:38 / Allies) Lane06: igniore greens expo too many tower
(17:05 / Allies) darkwasp: care
(17:29 / Allies) darkwasp: no need to fight there
(18:10 / Allies) Elvorion: town
(18:30 / Allies) Dark-Spirit: out
(18:32 / Allies) Dark-Spirit: now
(18:33 / Allies) Dark-Spirit: out
(18:41 / Allies) Dark-Spirit: we srsly need mrots
(18:43 / Allies) Dark-Spirit: for yellow
(18:57 / Allies) Dark-Spirit: plz pink mortsl ol
(19:46 / Allies) Elvorion: im comin
(19:49 / Allies) Elvorion: hold
(19:55 / Allies) Lane06: too late
(19:56 / Allies) Lane06: back
(19:57 / Allies) Elvorion: fuck b
(20:22 / Allies) Dark-Spirit: plz pink
(20:23 / Allies) Dark-Spirit: we need morts
(20:25 / Allies) Dark-Spirit: to win
(21:10 / Allies) Dark-Spirit: pink?
(21:38 / Allies) Dark-Spirit: u ahve workshop but u wont make any units from it
(21:42 / Allies) Dark-Spirit: i dont understand
(21:59 / All) Lane06: go
(22:46 / Allies) Dark-Spirit: not tping
(22:47 / Allies) Lane06: no keep hitting
(22:48 / Allies) Dark-Spirit: we wont beat them
(22:51 / Allies) Dark-Spirit: with our units
(22:55 / Allies) Dark-Spirit: pink wont get morts for yellow
(23:53 / Allies) Lane06: stay together
(23:54 / Allies) Lane06: back oj
(24:39 / Allies) Dark-Spirit: to
(24:40 / Allies) Dark-Spirit: tp
(24:41 / Allies) Dark-Spirit: orange
(26:27 / Allies) darkwasp: no tp on him
(26:56 / Allies) Dark-Spirit: pink come
(27:24 / Allies) Elvorion: come
(27:26 / Allies) Elvorion: regroup
(27:53 / Allies) Elvorion: go
(28:14 / Allies) darkwasp: go
(28:15 / Allies) Lane06: going
(28:16 / Allies) Lane06: tp
(30:37 / All) Awperator: gg
(31:07 / Allies) Elvorion: noob
(31:12 / Allies) Elvorion: since the biginning
(31:22 / Allies) Lane06: im actually kicking ass
(31:29 / Allies) Dark-Spirit: u cant even get fucking morts
(31:29 / Allies) Dark-Spirit: pink
(31:30 / Allies) Elvorion: u r kinking nothing
(31:31 / Allies) Dark-Spirit: stfu
(31:51 / Allies) Dark-Spirit: mass dryads and dotts archers
(31:55 / Allies) Dark-Spirit: u cant even get 1 morts
(31:57 / Allies) Dark-Spirit: easy win
(32:06 / Allies) Elvorion: i had knight asshole
(32:18 / Allies) Dark-Spirit: baddy
(32:35 / Allies) Elvorion: mass chims vs mass dryads
(32:41 / Allies) Elvorion: guess who wins N
(32:43 / Allies) Elvorion: ?
(33:34 / Allies) Lane06: hit green?
(33:36 / Allies) darkwasp: y
(33:44 / Allies) darkwasp: care
(33:45 / Allies) darkwasp: yp
(37:10 / All) wheresthebag.: teal
(37:34 / Allies) Lane06: oj where ua t
(37:43 / Allies) Lane06: we need u
(37:46 / Allies) darkwasp: ok
(37:47 / Allies) darkwasp: will tp
(37:55 / Allies) Lane06: lost cause
(37:55 / Allies) darkwasp: gogogo
(38:01 / Allies) darkwasp: gotta try
(40:16 / Allies) Lane06: buy dragons
(41:27 / Allies) Lane06: make unit
(42:54 / All) asdfjk19: GG
(43:26 / All) TraVeLPharMacY-: he has mountain expois
(43:28 / All) TraVeLPharMacY-: with towers
(43:32 / All) TraVeLPharMacY-: he thinks that will win
(44:36 / All) TraVeLPharMacY-: ill suicide my units to make ch9ims
(49:18 / All) TraVeLPharMacY-: this kid is on his nerd game bad
(49:22 / All) TraVeLPharMacY-: all for a rt win
(49:36 / All) darkwasp: just in it to make you mad
(49:41 / All) TraVeLPharMacY-: lol
(49:44 / All) TraVeLPharMacY-: u think i care?
(49:54 / All) darkwasp: thats why you are complaining
(50:07 / All) TraVeLPharMacY-: i tk about 7 a day just to find games
(52:44 / All) TraVeLPharMacY-: congrats u got the win
(56:20 / All) wheresthebag.: why is this kike still playing?
(60:08 / All) wheresthebag.: lol
(60:09 / All) wheresthebag.: prange
(60:18 / All) wheresthebag.: if you win this game you wont be able to find
(60:22 / All) wheresthebag.: you lose you find more ames
(60:30 / All) TraVeLPharMacY-: he will win this game
(60:37 / All) TraVeLPharMacY-: after i lill green
(62:44 / All) TraVeLPharMacY-: k oj u can win theyh dont got shity i let my chimms die
(72:38 / All) wheresthebag.: well done
(73:09 / All) wheresthebag.: youre officially the shit
(73:27 / All) darkwasp: gg sir
(73:35 / All) wheresthebag.: go tell your parents about your adventures
(74:53 / All) wheresthebag.: only won cuz of the tk
(74:58 / All) wheresthebag.: but you did it man
(75:01 / All) wheresthebag.: you killed it